 Dungeon Crawl Stone Soup version 0.27.1-34-g3ba077fa99 (webtiles) character file.

Game seed: 1021851570221631369

36 cbfl8 the Sneak (level 3, 0/33 HPs)
             Began as a Minotaur Delver on Jan 17, 2022.
             Slain by a goblin (1 damage)
             ... led by Robin
             ... on level 4 of the Dungeon.
             The game lasted 00:01:18 (484 turns).

cbfl8 the Sneak (Minotaur Delver)                    Turns: 484, Time: 00:01:19

Health: 0/33       AC:  3    Str: 17    XL:     3   Next: 19%
Magic:  2/2        EV: 12    Int:  7    God:
Gold:   18         SH:  0    Dex: 11    Spells: 2/2 levels left

rFire    . . .     SeeInvis .   a - +0 hand axe
rCold    . . .     Faith    .   (no shield)
rNeg     . . .     Spirit   .   b - +0 leather armour
rPois    .         Reflect  .   (helmet restricted)
rElec    .         Harm     .   (no cloak)
rCorr    .         Rampage  .   (no gloves)
Will     .....                  (no boots)
Stlth    ++........             (no amulet)
HPRegen  0.11/turn              (no ring)
MPRegen  0.08/turn              (no ring)

@: no status effects
A: horns 2, retaliatory headbutt
a: no special abilities


You were on level 4 of the Dungeon.
You visited 1 branch of the dungeon, and saw 2 of its levels.

You collected 18 gold pieces.

Inventory:

Hand Weapons
 a - a +0 hand axe (weapon)
Armour
 b - a +0 leather armour (worn)
Wands
 g - a wand of digging (3)
 h - a wand of mindburst (17)
Scrolls
 c - a scroll of fog
 d - a scroll of magic mapping
 e - a scroll of fear
 i - 3 scrolls of identify {unknown}
Potions
 f - a potion of haste


   Skills:
 + Level 3.9 Fighting
 + Level 3.0 Axes
 + Level 2.3 Dodging
 + Level 4.6 Stealth


You had 2 spell levels left.
You didn't know any spells.
Your spell library was empty.

Dungeon Overview and Level Annotations

Branches:
Dungeon (5/15)
 Temple: D:4-7

Altars:

Annotations:
D:4 Robin


Innate Abilities, Weirdness & Mutations

You have a pair of horns on your head.
You reflexively headbutt those who attack you in melee.


Message History

You hit the hobgoblin.
You kill the hobgoblin!
The hobgoblin closely misses you. The goblin hits you with a +0 club.
Unknown command.
You hit the goblin.
The goblin is moderately wounded.
You hit the goblin.
You kill the goblin!
You hit the hobgoblin but do no damage. You closely miss the goblin.
The hobgoblin misses you. You furiously retaliate!
You headbutt the hobgoblin.
You kill the hobgoblin!
The goblin hits you with a +0 club. Robin throws the goblin at you!
Unknown command.
The goblin hits you with a +0 club.
* * * LOW HITPOINT WARNING * * *
The hobgoblin hits you.
* * * LOW HITPOINT WARNING * * *
The hobgoblin closely misses you. Robin barely misses you.
There is a large open door, spattered with blood here.
Things that are here:
a +0 club; a +0 club; a goblin corpse The hobgoblin barely misses you.
You furiously retaliate!
You headbutt the hobgoblin, but do no damage.
Robin throws the goblin at you!
* * * LOW HITPOINT WARNING * * *
The hobgoblin barely misses you.
Unknown command.
You closely miss Robin. You hit the goblin.
You hit the hobgoblin but do no damage. You barely miss the hobgoblin.
The goblin hits you but does no damage. The hobgoblin misses you.
The hobgoblin barely misses you.
Unknown command.
You hit Robin but do no damage. You headbutt Robin!
Robin is severely wounded.
You hit the hobgoblin but do no damage. You hit the goblin but do no damage.
You hit the hobgoblin. You hit the goblin. The goblin barely misses you.
The goblin hits you with a +0 club.
* * * LOW HITPOINT WARNING * * *
The hobgoblin barely misses you. x2; The goblin hits you with a +0 club.
You die...

################
#......#...#..≈≈##
#.....)'...+ .≈≈≈#
#†.)...#...# ≈≈≈##
#gg##..#########≈≈#
#g@g#..........#≈≈#
#..g#..........'...
#...#........).'...
#...#........).'...
#.!.#..........#≈≈.
#...#..#########≈≈.
#...#..# #.h≈≈≈^.
##'##..' +.g≈≈≈..
### #..≈≈...


You could see Robin, 2 hobgoblins and 2 goblins.

Vanquished Creatures
  A hound skeleton (D:4)
  An adder skeleton (D:4)
  An orc (D:4)
  A giant cockroach (D:4)
  7 goblins (D:4)
  3 hobgoblins (D:4)
  2 jackals (D:4)
16 creatures vanquished.

Notes
Turn   | Place    | Note
-------+----------+-------------------------------------------
     0 | D:5      | cbfl8 the Minotaur Delver began the quest for the Orb.
     0 | D:5      | Reached XP level 1. HP: 19/19 MP: 0/0
    45 | D:4      | Noticed an iguana
    86 | D:4      | Reached XP level 2. HP: 17/27 MP: 1/1
   474 | D:4      | Noticed Robin
   476 | D:4      | Reached XP level 3. HP: 27/33 MP: 2/2
   484 | D:4      | HP: 1/33 [goblin[Robin] (4)]
   484 | D:4      | Slain by a goblin

Illustrated notes

Levels and vault maps discovered:
D:4:      kennysheep_goblin_castle, layout_gridville, uniq_sigmund
D:5:      layout_loops_ring, yredelemnul_altar_generic, nicolae_stop_n_shop_1

Skill      XL: |  1  2  3 |
---------------+----------+-----
Axes           | 3 |  3.0
Fighting       | |  3.9
Dodging        | |  2.3
Stealth        | |  4.6

Action                   || total
-------------------------++-------
Melee: Hand axe          ||    30
       Headbutt          ||     5
 Stab: Sleeping          ||     1
Armor: Leather armour    ||    13
Dodge: Dodged            ||    37
